 Dungeon Crawl Stone Soup version 0.27-a0-926-g0e6d9124c6 (webtiles) character file.

Game seed: 785253548629670951

24 DarkShadow the Covered (level 2, -4/27 HPs)
             Began as a Minotaur Fighter on Apr 10, 2021.
             Slain by Sigmund
             ... wielding a +0 scythe
              (9 damage)
             ... on level 2 of the Dungeon.
             The game lasted 00:02:41 (1280 turns).

DarkShadow the Covered (Minotaur Fighter)           Turns: 1280, Time: 00:02:42

Health: -4/27      AC:  7    Str: 20    XL:     2   Next: 79%
Magic:  1/1        EV:  7    Int:  5    God:
Gold:   8          SH:  0    Dex:  9    Spells: 1/1 levels left

rFire    . . .     SeeInvis .   a - +0 war axe
rCold    . . .     Faith    .   c - +0 kite shield
rNeg     . . .     Spirit   .   b - +0 scale mail
rPois    .         Reflect  .   (helmet restricted)
rElec    .         Harm     .   (no cloak)
rCorr    .         Rampage  .   (no gloves)
Will     .....                  (no boots)
Stlth    ..........             (no amulet)
HPRegen  0.09/turn              (no ring)
MPRegen  0.07/turn              (no ring)

@: confused
A: horns 2, retaliatory headbutt
a: no special abilities


You were on level 2 of the Dungeon.
You visited 1 branch of the dungeon, and saw 2 of its levels.

You collected 8 gold pieces.

Inventory:

Hand Weapons
 a - a +0 war axe (weapon)
Armour
 b - a +0 scale mail (worn)
 c - a +0 kite shield (worn)
Jewellery
 f - an amulet of reflection
 i - a +4 ring of protection
Scrolls
 e - a scroll of identify {unknown}
 g - a scroll of teleportation {unknown}
 h - a scroll of fear {unknown}
Potions
 d - a potion of might
 j - a potion of curing {unknown}


   Skills:
 + Level 3.9 Fighting
 * Level 3.0 Axes
 + Level 4.1 Armour
 + Level 3.9 Shields


You had one spell level left.
You didn't know any spells.
Your spell library was empty.

Dungeon Overview and Level Annotations

Branches:
Dungeon (2/15)

Altars:

Shops:
D:1 *

Annotations:
D:2 Sigmund


Innate Abilities, Weirdness & Mutations

You have a pair of horns on your head.
You reflexively headbutt those who attack you in melee.


Message History

No target in view!
No target in view!
No target in view!
No target in view!
No target in view!
No target in view!
No target in view!
Done exploring.
No target in view!
Done exploring.
Done exploring.
There is a staircase leading out of the dungeon here.
Things that are here:
3 stones; a +0 short sword
There is a stone staircase leading down here.
You climb downwards.
There is a stone staircase leading up here.
You open the door.
There is an open door here.
Sigmund the Dreaded comes into view.
He is wielding a +0 scythe.
Sigmund shouts!
You closely miss Sigmund. You headbutt Sigmund, but do no damage.
Sigmund hits you with a +0 scythe.
Sigmund points at you and mumbles some strange words.
You are confused.
You barely miss Sigmund. Sigmund hits you with a +0 scythe.
Sigmund gestures at you while chanting. The puff of flame misses you.
You miss Sigmund. Sigmund hits you with a +0 scythe.
You bump into the rock wall.
Sigmund hits you with a +0 scythe!
* * * LOW HITPOINT WARNING * * *
You feel less confused.
Sigmund hits you from afar with a +0 scythe.
* * * LOW HITPOINT WARNING * * *
Sigmund casts a spell at you. You resist with significant effort.
Sigmund gestures at you while chanting.
You are confused.
Sigmund hits you with a +0 scythe!
You die...

.........# .....####+##
.........# ..........#########
..<......#######........'........
........................#.#######
###.......#####.........#.#
..........##..#.........#.#
..........##............#.#
..........###.##..........#
..#..†........##@.......###
..#..............@..##.## ≈
#...........########.#
≈≈≈....>........ .#
≈≈≈P########$... ## ≈P≈≈ .....@
.... #..!.... ≈≈P .........
..........#


You could see Sigmund.

Vanquished Creatures
  A ball python (D:1)
  2 bats
  5 endoplasms
  2 giant cockroaches (D:1)
  A goblin (D:1)
  2 hobgoblins (D:1)
  2 kobolds (D:1)
  3 frilled lizards
  3 rats (D:1)
21 creatures vanquished.

Notes
Turn   | Place    | Note
-------+----------+-------------------------------------------
     0 | D:1      | DarkShadow the Minotaur Fighter began the quest for the
                  | Orb.
     0 | D:1      | Reached XP level 1. HP: 19/19 MP: 0/0
   156 | D:1      | Found Daloc's Assorted Antiques.
   326 | D:1      | Reached XP level 2. HP: 15/27 MP: 1/1
   557 | D:1      | Found a faded altar of an unknown god.
   792 | D:1      | You fall into a shaft and drop 1 floor!
   802 | D:2      | Reached skill level 4 in Armour
  1265 | D:2      | Noticed Sigmund
  1280 | D:2      | Slain by Sigmund

Illustrated notes

Levels and vault maps discovered:
D:1:      matt_arrival_grand_opening, layout_basic, serial_shops,
          nicolae_shop_stone, basic_ecumenical_altar
D:2:      layout_basic, basic_altar, serial_bayou_lagoon_b, uniq_sigmund

Skill      XL: |  1  2 |
---------------+-------+-----
Armour         | 4 |  4.1
Axes           | 3 |  3.0
Fighting       | |  3.9
Shields        | |  3.9

Action                   || total
-------------------------++-------
Melee: War axe           ||    44
       Headbutt          ||     9
Armor: Scale mail        ||    19
Dodge: Dodged            ||    12
Block: Kite shield       ||    13

Table legend: (Time is in decaauts)
 A = Elapsed time spent in this place.
 B = Non-inter-level travel time spent in this place.
 C = Inter-level travel time spent in this place.
 D = Time resting spent in this place.
 E = Time spent auto-exploring this place.
 F = Levels seen in this place.
 G = Mean time per level.
                   A        B        C        D        E       F      G
               +--------+--------+--------+--------+--------+-----+--------+
         Total |   1307 |   1307 |      0 |    132 |    937 |   2 |  653.5 |
       Dungeon |   1307 |   1307 |      0 |    132 |    937 |   2 |  653.5 |
               +--------+--------+--------+--------+--------+-----+--------+

Top non-repeatable levels by time:
     D:1: 1235 daAuts
     D:2: 71 daAuts
